 Dungeon Crawl Stone Soup version 0.20.0-15-g7f486f2 (webtiles) character file.

1633 GsBirdie the Protected (level 8, -11/111 HPs)
             Began as a Minotaur Berserker on June 22, 2017.
             Was an Elder of Trog.
             Mangled by an orc warrior
             ... wielding a cursed -1 halberd
              (14 damage)
             ... on level 6 of the Dungeon.
             The game lasted 00:14:33 (5141 turns).

GsBirdie the Protected (Minotaur Berserker)         Turns: 5141, Time: 00:14:34

Health: -11/111    AC:  7    Str: 27    XL:     8   Next: 66%
Magic:  7/7        EV: 13    Int:  5    God:    Trog [****..]
Gold:   337        SH:  0    Dex: 11    Spells: 7/7 levels left

rFire    + . .     SeeInvis .   a - +0 hand axe
rCold    x . .     Gourm    .   (no shield)
rNeg     . . .     Faith    +   d - +0 leather armour {rPois}
rPois    +         Spirit   .   (helmet restricted)
rElec    .         Reflect  .   q - +0 cloak
rCorr    .         Harm     .   (no gloves)
MR       .....                  f - +0 pair of boots
Stlth    ..........             b - amulet of faith
Regen    0.3/turn               E - ring of flight
MPRegen  0.1/turn               i - ring of fire

@: berserking, very quick
A: retaliatory headbutt, horns 2
a: Berserk, Trog's Hand, Brothers in Arms, Burn Spellbooks, Renounce Religion,
Evoke Flight


You were on level 6 of the Dungeon.
You worshipped Trog.
Trog was greatly pleased with you.
You were near starving.

You visited 1 branch of the dungeon, and saw 6 of its levels.

You collected 337 gold pieces.

Inventory:

Hand Weapons
 a - a +0 hand axe (weapon)
 x - a +0 war axe
 J - the +2 battleaxe of Dust {chop, rPois rN+ Str+4}
   (You found it on level 5 of the Dungeon)

   It inflicts extra damage upon your enemies.
   It affects your strength (+4).
   It protects you from poison.
   It protects you from negative energy.
Missiles
 t - 4 tomahawks (quivered)
Armour
 d - a +0 leather armour of poison resistance (worn)
 f - a +0 pair of boots (worn)
 q - a +0 cloak (worn)
Jewellery
 b - an amulet of faith (around neck)
 i - a ring of fire (right hand)
 E - a ring of flight (left hand)
Wands
 c - a wand of lightning (6/15)
 y - a wand of digging (13/24)
Scrolls
 e - 3 scrolls of remove curse
 h - a scroll of magic mapping {unknown}
 k - 5 scrolls of teleportation
 n - a scroll of random uselessness {unknown}
 u - 3 scrolls of fog
 v - 2 scrolls of blinking {unknown}
 A - a scroll of enchant weapon {unknown}
 K - a scroll of recharging {unknown}
Potions
 l - a potion of heal wounds {unknown}
 m - 2 potions of flight {unknown}
 p - 4 potions of cancellation
 r - a potion of magic {unknown}
 w - 3 potions of curing
 z - 2 potions of agility
 B - 2 potions of haste {unknown}
 H - a potion of resistance {unknown}
Comestibles
 o - 4 meat rations
 s - 3 royal jellies
 C - a fruit
 L - a bread ration


   Skills:
 + Level 7.9 Fighting
 + Level 7.3 Axes
 - Level 9.0 Armour
 * Level 3.5 Dodging


You had 7 spell levels left.
You didn't know any spells.

Dungeon Overview and Level Annotations

Branches:
Dungeon (6/15)             Temple (0/1) D:5

Altars:
Dithmenos
Gozag
Hepliaklqana
Makhleb
Sif Muna
Trog
Xom


Innate Abilities, Weirdness & Mutations

You reflexively headbutt those who attack you in melee.
You have a pair of horns on your head.


Message History

You kill the bullfrog!
Trog accepts your kill.
The orc warrior hits you from afar with a halberd.
* * * LOW HITPOINT WARNING * * *
You feel a strong urge to attack something.
You see here a bullfrog corpse.
You closely miss the orc warrior. The orc warrior closely misses you.
You slash the orc warrior! You headbutt the orc warrior.
The orc warrior is heavily wounded.
You hit the orc warrior. You headbutt the orc warrior.
The orc warrior is severely wounded.
The orc warrior hits you with a halberd.
* * * LOW HITPOINT WARNING * * *
You hit the orc warrior but do no damage.
The orc warrior is severely wounded.
You hit the orc warrior but do no damage.
Your headbutt misses the orc warrior.
The orc warrior is severely wounded.
The orc warrior hits you with a halberd!
You die...

#.##
#.#######
#.# #.#
#.#
####.#
#.#
#....#
#.#
####.####
#.# .....
#[# ...
#.##)#
#.@o.#
####.#
... .#...
.##### .#
.# .#


You could see an orc warrior.

Vanquished Creatures
  The ghost of loom the Firebug, an amateur OgFE (D:4)
  Sigmund (D:4)
  Edmund (D:4)
  A necrophage (D:5)
  A phantom (D:5)
  2 ogres (D:5)
  A bullfrog (D:6)
  3 scorpions
  A bullfrog zombie (D:5)
  3 centaur zombies (D:5)
  3 orc wizards
  Ijyb (D:5)
  3 worker ants (D:4)
  A hound skeleton (D:5)
  8 adders
  3 gnolls (D:4)
  2 oozes
  An adder skeleton (D:4)
  4 worms
  2 dart slugs (D:1)
  3 leopard geckos
  28 orcs
  7 bats
  10 giant cockroaches
  9 goblins
  8 hobgoblins
  5 jackals
  7 kobolds
  3 quokkas
  12 frilled lizards
  11 rats
146 creatures vanquished.

Notes
Turn   | Place    | Note
-------+----------+-------------------------------------------
     0 | D:1      | GsBirdie the Minotaur Berserker began the quest for the Orb.
     0 | D:1      | Reached XP level 1. HP: 19/19 MP: 0/0
   183 | D:1      | Reached XP level 2. HP: 24/27 MP: 1/1
   632 | D:1      | Reached ** piety under Trog
   677 | D:1      | Reached skill level 3 in Armour
   726 | D:1      | Reached XP level 3. HP: 26/34 MP: 2/2
   808 | D:2      | Found a bloodstained altar of Trog.
  1200 | D:2      | Reached XP level 4. HP: 38/41 MP: 3/3
  1389 | D:3      | Reached skill level 4 in Armour
  1412 | D:3      | Reached *** piety under Trog
  1441 | D:3      | Found a deep blue altar of Sif Muna.
  1517 | D:3      | Reached skill level 5 in Fighting
  1517 | D:3      | Reached XP level 5. HP: 33/48 MP: 4/4
  1828 | D:3      | Reached **** piety under Trog
  2211 | D:4      | Reached skill level 5 in Armour
  2332 | D:4      | Noticed loom's ghost (amateur OgFE)
  2347 | D:4      | Killed loom's ghost
  2347 | D:4      | Reached skill level 5 in Axes
  2347 | D:4      | Reached skill level 6 in Armour
  2347 | D:4      | Reached XP level 6. HP: 57/57 MP: 5/5
  2458 | D:4      | Found a shimmering altar of Xom.
  2615 | D:4      | Found a shadowy altar of Dithmenos.
  2734 | D:4      | Reached XP level 7. HP: 63/63 MP: 6/6
  3118 | D:4      | Noticed Sigmund
  3121 | D:4      | Noticed Edmund
  3139 | D:4      | Killed Edmund
  3139 | D:4      | Reached skill level 7 in Armour
  3149 | D:4      | Killed Sigmund
  3797 | D:5      | Entered Level 5 of the Dungeon
  3806 | D:5      | Noticed Ijyb
  3992 | D:5      | Killed Ijyb
  4019 | D:5      | Reached skill level 8 in Armour
  4052 | D:5      | Reached XP level 8. HP: 73/73 MP: 7/7
  4163 | D:5      | Found a hazy altar of Hepliaklqana.
  4216 | D:5      | Found a burning altar of Makhleb.
  4231 | D:5      | Found an opulent altar of Gozag.
  4236 | D:5      | Found a staircase to the Ecumenical Temple.
  4702 | D:5      | Reached skill level 9 in Armour
  4714 | D:5      | Got a transparent battleaxe
  5104 | D:6      | Identified the +2 battleaxe of Dust {chop, rPois rN+ Str+4} (You found it on level 5 of the Dungeon)
  5135 | D:6      | HP: 3/111 [orc warrior/halberd (4)]
  5141 | D:6      | Mangled by an orc warrior

Skill      XL: |  1  2  3  4  5  6  7  8 |
---------------+-------------------------+-----
Fighting       | 4 5 6 7 |  7.9
Armour         | 3 4 6 8 9 |  9.0
Axes           | 4 5 6 7 |  7.3
Dodging        | 3 |  3.5

Action                   |  1- 3 |  4- 6 |  7- 9 || total
-------------------------+-------+-------+-------++-------
Melee: Hand axe          |    89 |   127 |   203 ||   419
       Headbutt          |    12 |    22 |    40 ||    74
Invok: Berserk           |       |     1 |     2 ||     3
       Trog's Hand       |       |       |     3 ||     3
  Use: Scroll            |       |       |     8 ||     8
  Eat: Chunk             |     1 |     3 |     3 ||     7
       Bread ration      |       |     1 |     1 ||     2
Armor: Animal skin       |    20 |       |       ||    20
       Leather armour    |     9 |       |     2 ||    11
       Scale mail        |       |    45 |     7 ||    52
       Chain mail        |       |       |    61 ||    61
Dodge: Dodged            |    76 |    62 |    76 ||   214
